 Dungeon Crawl Stone Soup version 0.23.2-1-ga50397a (webtiles) character file.

Game seed: 5673641238741568541

406 dvd the Gusty (level 6, -6/33 HPs)
             Began as a Tengu Air Elementalist on May 16, 2019.
             Mangled by an iguana (12 damage)
             ... on level 4 of the Dungeon.
             The game lasted 00:08:11 (2701 turns).

dvd the Gusty (Tengu Air Elementalist)              Turns: 2701, Time: 00:08:12

Health: -6/33      AC:  4    Str:  8    XL:     6   Next: 87%
Magic:  6/21       EV: 15    Int: 18    God:
Gold:   126        SH:  0    Dex: 14    Spells: 4/12 levels left

rFire    . . .     SeeInvis .   l - +3 war axe
rCold    . . .     Gourm    .   (no shield)
rNeg     . . .     Faith    .   a - +0 robe
rPois    +         Spirit   .   n - +2 hat
rElec    .         Reflect  .   (no cloak)
rCorr    .         Harm     .   (no gloves)
MR       .....                  (boots unavailable)
Stlth    ++........             (no amulet)
HPRegen  0.11/turn              k - ring of magical power
MPRegen  0.17/turn              o - ring of poison resistance

@: flying quickly and evasively, quick
A: beak, talons 3, able to fly
a: Stop Flying


You were on level 4 of the Dungeon.
You were not hungry.

You visited 1 branch of the dungeon, and saw 4 of its levels.

You collected 126 gold pieces.

Inventory:

Hand Weapons
 l - a +3 war axe (weapon)
Armour
 a - a +0 robe (worn)
 n - a +2 hat (worn)
Jewellery
 k - a ring of magical power (left hand)
 o - a ring of poison resistance (right hand)
Scrolls
 b - a scroll of noise {unknown}
 f - 4 scrolls of remove curse {unknown}
 g - a scroll of amnesia {unknown}
 i - a scroll of random uselessness {unknown}
 j - 2 scrolls of identify {unknown}
 q - a scroll of immolation {unknown}
Potions
 d - a potion of heal wounds {unknown}
 e - a potion of lignification {unknown}
 h - a potion of berserk rage {unknown}
 m - a potion of curing {unknown}
 r - 2 potions of flight {unknown}
Comestibles
 c - 4 rations
 p - 12 chunks of flesh


   Skills:
 + Level 0.7 Fighting
 + Level 2.7 Axes
 + Level 2.6 Dodging
 + Level 2.9 Stealth
 + Level 3.8 Spellcasting
 + Level 3.6 Conjurations
 + Level 5.8 Air Magic


You had 4 spell levels left.
You knew the following spells:

 Your Spells              Type           Power        Failure   Level  Hunger
a - Shock                 Conj/Air       ###.         2%          1    None
b - Static Discharge      Conj/Air       ###.....     6%          3    ###....
c - Airstrike             Air            ###.......   14%         4    ####...

Your spell library contained the following spells:

 Spells                   Type           Power        Failure   Level  Hunger
 Swiftness                Chrm/Air       ##......     7%          2    ##.....
 Confusing Touch          Hex            #.....       16%         1    None
 Confuse                  Hex            #.......     41%         3    ###....
 Gell's Gravitas          Tloc           #.........   41%         3    ###....
 Petrify                  Tmut/Erth      #.......     83%         4    ####...
 Lightning Bolt           Conj/Air       ###.......   52%         5    ######.
 Metabolic Englaciation   Hex/Ice        #.........   99%         5    ######.
 Yara's Violent Unravell  Hex/Tmut       #.........   99%         5    ######.


Dungeon Overview and Level Annotations

Branches:
Dungeon (4/15)             Temple (0/1) D:4

Altars:
Fedhas
Trog
Xom
Zin


Innate Abilities, Weirdness & Mutations

You have a beak for a mouth.
You have claws for feet.
You can fly continuously.


Message History

The iguana is struck by an arc of lightning.
The iguana is severely wounded.
The lightning grounds out.
The bullfrog skeleton hits you. x2
* * * LOW HITPOINT WARNING * * *
Unknown command.
Casting: Static Discharge (safe; 7% risk of failure)
Confirm with . or Enter, or press ? or * to list all spells.
The bullfrog skeleton is struck by an arc of lightning!
You destroy the bullfrog skeleton!
The lightning grounds out.
Unknown command.
Unknown command.
Casting: Static Discharge (safe; 6% risk of failure)
Confirm with . or Enter, or press ? or * to list all spells.
The iguana is struck by an arc of lightning.
The iguana is almost dead.
You are struck by an arc of lightning.
* * * LOW HITPOINT WARNING * * *
The lightning grounds out.
The iguana bites you!
You die...

#######..##.######.#.###
#..##.# #....P# #..##.#
#.....## #..##.#
#.P.PP.## #.###
#.........
#....###.########
##.......# ###.8.8l8.#
.....⌠.@..# ##..8.>.8..#
#.# ##..⌠.⌠..!...# #.#
#.8?8.8.##... #.#
#.......# ... #.#
#######.. .. #.# ##. #.#
#. #.######.#


You could see an iguana.

Vanquished Creatures
  An ogre (D:4)
  2 orc priests (D:3)
  A bullfrog skeleton (D:4)
  A bullfrog zombie (D:4)
  2 orc wizards (D:3)
  A worker ant zombie (D:4)
  4 adders
  A worm (D:4)
  A dart slug (D:1)
  2 leopard geckos (D:3)
  18 orcs
  A ball python (D:1)
  10 bats
  5 giant cockroaches
  9 goblins
  4 hobgoblins
  3 jackals (D:4)
  4 frilled lizards
  A giant cockroach zombie (D:4)
  A jackal skeleton (D:4)
  12 kobolds
  2 rats (D:1)
86 creatures vanquished.

Notes
Turn   | Place    | Note
-------+----------+-------------------------------------------
     0 | D:1      | dvd the Tengu Air Elementalist began the quest for the Orb.
     0 | D:1      | Reached XP level 1. HP: 10/10 MP: 4/4
    72 | D:1      | Reached XP level 2. HP: 15/15 MP: 3/6
   447 | D:1      | Reached XP level 3. HP: 19/19 MP: 3/7
   732 | D:1      | Learned a level 3 spell: Static Discharge
  1674 | D:3      | Reached XP level 4. HP: 24/24 MP: 9/9
  1679 | D:3      | Reached skill level 5 in Air Magic
  1686 | D:3      | Gained mutation: You can fly continuously. [Tengu growth]
  1686 | D:3      | Reached XP level 5. HP: 22/28 MP: 10/10
  1836 | D:3      | Found a faded altar of an unknown god.
  1865 | D:3      | Reached skill level 1 in Axes
  2040 | D:3      | Learned a level 4 spell: Airstrike
  2272 | D:3      | Found a bloodstained altar of Trog.
  2273 | D:3      | Found a shimmering altar of Xom.
  2274 | D:3      | Found a glowing silver altar of Zin.
  2316 | D:3      | Found a blossoming altar of Fedhas.
  2390 | D:3      | Reached XP level 6. HP: 33/33 MP: 12/12
  2690 | D:4      | Found a staircase to the Ecumenical Temple.
  2701 | D:4      | Mangled by an iguana

Skill      XL: |  1  2  3  4  5  6 |
---------------+-------------------+-----
Conjurations   | 2 3 |  3.6
Spellcasting   | 3 |  3.8
Air Magic      | 5 |  5.8
Axes           | 1 2 |  2.7
Fighting       | |  0.7
Dodging        | |  2.6
Stealth        | |  2.9

Action                   |  1- 3 |  4- 6 || total
-------------------------+-------+-------++-------
Melee: War axe           |       |    38 ||    38
       Kick              |       |     7 ||     7
       Peck              |       |     3 ||     3
 Cast: Shock             |    73 |    53 ||   126
       Static Discharge  |     1 |     8 ||     9
 Abil: Fly               |       |     1 ||     1
 Stab: Sleeping          |       |     1 ||     1
  Eat: Chunk             |     2 |     5 ||     7
Armor: Robe              |     7 |    10 ||    17
Dodge: Dodged            |    10 |    41 ||    51
